 Dungeon Crawl Stone Soup version 0.24.1-8-ga250c9d538 (webtiles) character file.

Game seed: 6028803058155175903, levelgen mode: deterministic

734 Gabide the Twirler (level 8, 0/60 HPs)
             Began as a Human Fighter on May 1, 2020.
             Was a Believer of Makhleb.
             Slain by a vampire (2 damage)
             ... on level 5 of the Dungeon.
             The game lasted 00:09:41 (4586 turns).

Gabide the Twirler (Human Fighter)                  Turns: 4586, Time: 00:09:42

Health: 0/60       AC:  9    Str: 19    XL:     8   Next: 4%
Magic:  8/8        EV: 10    Int: 11    God:    Makhleb [**....]
Gold:   145        SH:  0    Dex: 16    Spells: 7/7 levels left

rFire    . . .     SeeInvis .   p - +6 quarterstaff (chaos)
rCold    x . .     Gourm    .   (shield currently unavailable)
rNeg     . . .     Faith    .   r - +1 scale mail "Deoboyg" {rC- Regen+ rCorr Stlth+}
rPois    .         Spirit   .   (no helmet)
rElec    .         Reflect  .   j - +0 cloak
rCorr    +         Harm     +   (no gloves)
MR       .....                  (no boots)
Stlth    ++........             t - amulet of Vubbaohit {Harm *Drain Int+2 Dex+4}
HPRegen  0.60/turn              (no ring)
MPRegen  0.11/turn              (no ring)

@: about to teleport
A: no striking features
a: Minor Destruction, Renounce Religion


You were on level 5 of the Dungeon.
You worshipped Makhleb.
Makhleb was pleased with you.
You were hungry.

You visited 1 branch of the dungeon, and saw 5 of its levels.

You collected 145 gold pieces.

Inventory:

Hand Weapons
 p - a +6 quarterstaff of chaos (weapon)
Missiles
 l - 7 boomerangs (quivered)
Armour
 j - a +0 cloak (worn)
 r - the +1 scale mail "Deoboyg" (worn) {rC- Regen+ rCorr Stlth+}
   (You found it on level 4 of the Dungeon)

   It makes you vulnerable to cold.
   It increases your rate of regeneration.
   It provides partial protection from all sources of acid and corrosion.
   It makes you more stealthy.
 u - a +1 ring mail of positive energy
Jewellery
 c - an uncursed ring of protection from magic
 i - an uncursed ring of ice
 t - the amulet of Vubbaohit (around neck) {Harm *Drain Int+2 Dex+4}
   (You found it on level 4 of the Dungeon)

   [amulet of harm]

   It increases damage dealt and taken.
   It affects your intelligence (+2).
   It affects your dexterity (+4).
   It causes draining when unequipped.
Wands
 f - a wand of digging (6)
Scrolls
 m - a scroll of teleportation
Potions
 b - a potion of ambrosia {unknown}
 d - a potion of might
 e - 2 potions of magic {unknown}
 g - a potion of flight {unknown}
 h - 4 potions of curing
 k - a potion of cancellation {unknown}
 n - 2 potions of degeneration {unknown}
 o - a potion of brilliance {unknown}
 s - a potion of lignification {unknown}
Comestibles
 a - 2 rations


   Skills:
 + Level 3.9 Fighting
   Level 3.1(4.9) Maces & Flails
 * Level 5.8(6.2) Staves
 + Level 4.0 Armour
 + Level 1.2 Dodging
 * Level 2.1 Stealth
   Level 3.5 Shields


You had 7 spell levels left.
You didn't know any spells.
Your spell library contained the following spells:

 Spells                   Type           Power        Failure   Level  Hunger
 Confusing Touch          Hex            #.....       71%         1    ##.....
 Confuse                  Hex            #.......     97%         3    ####...
 Gell's Gravitas          Tloc           #.........   97%         3    ####...
 Petrify                  Tmut/Erth      #.......     100%        4    #####..
 Metabolic Englaciation   Hex/Ice        #.........   100%        5    ######.
 Yara's Violent Unravell  Hex/Tmut       #.........   100%        5    ######.


Dungeon Overview and Level Annotations

Branches:
Dungeon (5/15)             Temple (0/1) D:4

Altars:
Gozag
Makhleb
Ru


Message History

You closely miss the vampire.
The vampire is moderately damaged.
The vampire barely misses you. The vampire closely misses you.
You barely miss the vampire.
The vampire is moderately damaged.
The vampire casts a spell.
The vampire flickers and vanishes!
Deactivating autopickup; reactivate with Ctrl-A.
Something hits you. Something bites you!
* * * LOW HITPOINT WARNING * * *
Something draws strength from your injuries!
An orc comes into view. It is wielding a +0 hand axe.
As you read the scroll of teleportation, it crumbles to dust.
You feel strangely unstable. Something hits you.
* * * LOW HITPOINT WARNING * * *
Something bites you.
* * * LOW HITPOINT WARNING * * *
Something draws strength from your injuries!
Something hits you.
You die...

##.# #.# #.# #.#
####.# ..#.# #
#.#.#
####.##.#.######
.......#.......#
#@######.# #†#
#†# ..# ...#
..... ......
.....## #.#..#


There were no monsters in sight!

Vanquished Creatures
  A hippogriff (D:5)
  Menkaure (D:4)
  Blork the orc (D:4)
  2 crimson imps (D:5)
  2 hounds (D:4)
  Crazy Yiuf (D:2)
  2 orc wizards (D:3)
  A gnoll (D:3)
  4 adders
  An ooze (D:3)
  A worm (D:3)
  5 dart slugs
  4 leopard geckos
  5 orcs (D:3)
  8 bats
  5 giant cockroaches
  8 hobgoblins
  12 jackals
  4 kobolds
  2 quokkas (D:3)
  A ball python (D:1)
  14 frilled lizards
  10 goblins
  A jackal skeleton (D:4)
  A quokka skeleton (D:4)
  5 rats
102 creatures vanquished.

Vanquished Creatures (others)
  An orc (D:3)
1 creature vanquished.

Grand Total: 103 creatures vanquished

Notes
Turn   | Place    | Note
-------+----------+-------------------------------------------
     0 | D:1      | Gabide the Human Fighter began the quest for the Orb.
     0 | D:1      | Reached XP level 1. HP: 18/18 MP: 1/1
   284 | D:1      | Reached XP level 2. HP: 19/24 MP: 2/2
   705 | D:1      | Reached XP level 3. HP: 29/29 MP: 3/3
  1146 | D:2      | Found a burning altar of Makhleb.
  1152 | D:2      | Became a worshipper of Makhleb the Destroyer
  1408 | D:2      | Reached XP level 4. HP: 35/35 MP: 4/4
  1495 | D:2      | Found a runed translucent door.
  1496 | D:2      | Noticed Crazy Yiuf
  1547 | D:2      | Found an opulent altar of Gozag.
  2032 | D:2      | Killed Crazy Yiuf
  2201 | D:3      | Reached XP level 5. HP: 41/41 MP: 5/5
  2204 | D:3      | Reached * piety under Makhleb
  2354 | D:3      | Reached skill level 1 in Staves
  2354 | D:3      | Reached skill level 1 in Dodging
  2888 | D:3      | Reached skill level 2 in Staves
  3026 | D:3      | Reached XP level 6. HP: 43/47 MP: 6/6
  3490 | D:4      | Noticed Blork the orc
  3496 | D:4      | Killed Blork the orc
  3496 | D:4      | Reached skill level 3 in Staves
  3529 | D:4      | Got a dazzling scale mail
  3543 | D:4      | Identified the +1 scale mail "Deoboyg" {rC- Regen+ rCorr
                  | Stlth+} (You found it on level 4 of the Dungeon)
  3550 | D:4      | Noticed Menkaure
  3559 | D:4      | Killed Menkaure
  3559 | D:4      | Reached skill level 4 in Staves
  3559 | D:4      | Reached skill level 1 in Stealth
  3559 | D:4      | Reached XP level 7. HP: 17/53 MP: 7/7
  3884 | D:4      | Found a sacrificial altar of Ru.
  3960 | D:4      | Got a scorched pewter amulet
  4397 | D:4      | Found a staircase to the Ecumenical Temple.
  4460 | D:5      | Entered Level 5 of the Dungeon
  4484 | D:5      | Reached ** piety under Makhleb
  4487 | D:5      | Reached skill level 5 in Staves
  4569 | D:5      | Noticed a hippogriff
  4574 | D:5      | Noticed a vampire
  4576 | D:5      | Killed a hippogriff
  4576 | D:5      | Reached XP level 8. HP: 31/60 MP: 8/8
  4577 | D:5      | Identified the amulet of Vubbaohit {Harm *Drain Int+2
                  | Dex+4} (You found it on level 4 of the Dungeon)
  4585 | D:5      | HP: 1/60 [something (7)]
  4586 | D:5      | Slain by a vampire

Levels and vault maps discovered:
D:1:      lightli_arrival_chessboard, layout_basic, minmay_statues_item
D:2:      layout_loops_ring, nicolae_overflow_crystal_walls,
          grunt_gozag_breadcrumbs, minmay_misc_feat_roman, minmay_lizard_pond,
          uniq_crazy_yiuf_cottage
D:3:      layout_basic, first_ration
D:4:      layout_basic, minmay_temple_entry_nine_rooms, st_stairs_6,
          bh_chokoban, nicolae_ru_the_path_less_chosen, uniq_blork_the_orc,
          uniq_menkaure
D:5:      minmay_clustersquares, layout_loops_ring, minmay_manual_moon,
          uniq_sigmund

Skill      XL: |  1  2  3  4  5  6  7 |
---------------+----------------------+-----
Maces & Flails | 3 |  3.1
Staves         | 2 4 5 |  5.8
Dodging        | 1 |  1.2
Stealth        | 1 2 |  2.1
Armour         | 4 |  4.0
Fighting       | |  3.9
Shields        | |  3.5

Action                   |  1- 3 |  4- 6 |  7- 9 || total
-------------------------+-------+-------+-------++-------
Melee: Flail             |   160 |    17 |       ||   177
       Quarterstaff      |       |   122 |    30 ||   152
Throw: Boomerang         |       |       |     7 ||     7
  Use: Scroll            |     4 |     4 |     4 ||    12
  Eat: Chunk             |     2 |     4 |     2 ||     8
       Ration            |       |     1 |       ||     1
Armor: Scale mail        |    90 |    77 |    11 ||   178
Dodge: Dodged            |    51 |    65 |    11 ||   127
Block: Shield            |    74 |     5 |       ||    79
